[Event "Benidorm Satellite preliminary"]
[Site "playchess.com #007036"]
[Date "2009.10.24"]
[Round "2"]
[White "Lei"]
[Black "Vijayvikram"]
[Result "*"]
[WhiteElo "1382"]
[BlackElo "1743"]
[PlyCount "68"]
[EventDate "2009.10.24"]
[EventType "swiss (blitz)"]
[TimeControl "180+2"]

1. e4 c5 2. Nf3 d6 3. d4 cxd4 4. Nxd4 Nf6 5. Nc3 Nc6 6. Be3 e6 7. Nxc6 bxc6 8. Bd3 Be7 9. O-O e5 10. f4 O-O 11. f5 d5 12. Qe1 d4 13.
Bh6 gxh6 14. Ne2 Kh8 15. Rf3 Rg8 16. Rh3 h5 17. Qd2 Qf8 18. Rf1 Rg4 19. Ng3 Qg7 20. Be2 Nxe4 21. Nxe4 Rxe4 22. Bxh5 Bg5 23. Qd3 Re3 24. Qc4 Rxh3 {[%emt 0:00:
13] '} 25. Bxf7 Be3+ 26. Kh1 Rh4 27. Qxc6 Rb8 28. f6 (28. Qe8+ Qg8 29. Qxg8#) 28... Qf8 29. Qd5 Bb7 30. Qxe5 Rg4 31. Rf3 Bxf3 32. Bg6 Rxg6 33. f7+ Rg7 34. Qf6 Bxg2# {[%emt 0:00:02] (Lag: Av=0.96s, max=2.1s) 0-1} *

[Event "Benidorm Satellite preliminary"]
[Site "playchess.com #007036"]
[Date "2009.10.24"]
[Round "11"]
[White "-st!er-"]
[Black "Kendo"]
[Result "1-0"]
[WhiteElo "2906"]
[BlackElo "2698"]
[PlyCount "101"]
[EventDate "2009.10.24"]
[EventType "swiss (blitz)"]
[TimeControl "180+2"]

{-st!er- offers a draw} 1. Nf3 d5 2. g3 Nf6 3. Bg2 c6 4. O-O Bg4 5. d4 Nbd7 6. Nbd2 e6 7. Re1 Be7 8. e4 dxe4 9.
Nxe4 Nxe4 10. Rxe4 Nf6 {
[%emt 0:00:05] Kendo bietet Remis} 11. Re1 O-O 12. c3 Re8 13. a4 a5 14. Qb3 Qd5 15. Qxd5 Nxd5 16. Ne5 Bf5 17. h4 Bd6 18. Nc4 Bc7 19. Bd2 Bd3 20. Ne5 Bxe5 21. Rxe5 Red8 22. h5 h6 23. g4 Nb6 24. b3 Bc2 25. Ra3 Nd7 26. Re1 Nf6 27. f3 Nd5 28. Kf2 b6 29. f4 Rac8 30. Rc1 Bd3 31. Raa1 {[%emt 0:00:43] .} Nf6 32. Bf3 Ne4+ 33. Bxe4 Bxe4 34. Be3 Kh7 35. Ra2 Rb8 36. c4 f5 37. g5 hxg5 38. fxg5 g6 39. h6 Re8 40. Bf4 Rb7 41. Rd2 Ra8 42. Be5 Rd8 43. Bf6 Rdd7 44.
Ke3 Rd6 45. Kf4 c5 46. Be5 Rd8 47. Bf6 Rd6 48. Rcd1 Rbd7 49. Be5 Rc6 50. dxc5 Rxd2 51. Rxd2 {[%emt 0:00:00] Kendo gibt auf} 1-0